 Dungeon Crawl Stone Soup version 0.20-a0-1116-gaa52201 (webtiles) character file.

170 grindst0ne the Skirmisher (level 5, -1/49 HPs)
             Began as a Minotaur Berserker on May 8, 2017.
             Was a Believer of Trog.
             Slain by Sigmund
             ... wielding a +0 scythe
              (6 damage)
             ... on level 3 of the Dungeon.
             The game lasted 00:04:45 (1802 turns).

grindst0ne the Skirmisher (Minotaur Berserker)      Turns: 1802, Time: 00:04:45

Health: -1/49      AC:  8    Str: 21    XL:     5   Next: 25%
Magic:  4/4        EV: 10    Int:  4    God:    Trog [**....]
Gold:   66         SH:  0    Dex: 11    Spells: 4/4 levels left

rFire    . . .     SeeInvis .   t - +0 spear (freeze)
rCold    . . .     Gourm    .   (no shield)
rNeg     . . .     Faith    .   g - +0 scale mail
rPois    .         Spirit   .   (helmet restricted)
rElec    .         Reflect  .   (no cloak)
rCorr    .         Harm     .   (no gloves)
MR       .....                  j - +0 pair of boots
Stlth    ..........             (no amulet)
Regen    0.2/turn               (no ring)
MPRegen  0.1/turn               (no ring)

@: slowed, very slow
A: retaliatory headbutt, horns 2
a: Berserk, Trog's Hand, Burn Spellbooks, Renounce Religion


You were on level 3 of the Dungeon.
You worshipped Trog.
Trog was pleased with you.
You were hungry.

You visited 1 branch of the dungeon, and saw 3 of its levels.

You collected 66 gold pieces.

Inventory:

Hand Weapons
 a - a +0 hand axe
 t - a +0 spear of freezing (weapon)
Armour
 g - a +0 scale mail (worn)
 h - a +0 ring mail
 j - a +0 pair of boots (worn)
Scrolls
 i - 2 scrolls of remove curse {unknown}
 l - 2 scrolls of enchant weapon {unknown}
 m - 2 scrolls of identify {unknown}
 p - a scroll of fog {unknown}
 r - a scroll of fear {unknown}
Potions
 d - a potion of berserk rage {unknown}
 e - a potion of haste {unknown}
 k - a potion of lignification {unknown}
 n - 3 potions of heal wounds {unknown}
 o - 2 potions of agility {unknown}
 q - a potion of mutation {unknown}
 u - a potion of curing {unknown}
Comestibles
 b - a fruit
 c - 2 bread rations
 f - 2 royal jellies
 s - 3 chunks of flesh


   Skills:
 + Level 5.6 Fighting
 - Level 3.6 Axes
 + Level 5.1 Armour
 - Level 2.1 Dodging


You had 4 spell levels left.
You didn't know any spells.

Dungeon Overview and Level Annotations

Branches:
Dungeon (3/15)

Altars:
Kikubaaqudgha
Nemelex Xobeh
Qazlal
Vehumet
Zin

Annotations:
D:3 Sigmund


Innate Abilities, Weirdness & Mutations

You reflexively headbutt those who attack you in melee.
You have a pair of horns on your head.


Message History

You feel less confused.
The orc barely misses you. x2; You furiously retaliate!
You headbutt the orc. Something hits you. The orc barely misses you.
You hit the orc. You freeze the orc.
The orc is severely wounded.
The orc closely misses you. Something hits you but does no damage.
The orc hits you. The orc hits you but does no damage.
You hit the orc. You freeze the orc.
You kill the orc!
Trog accepts your kill. The orc barely misses you. You furiously retaliate!
You headbutt the orc!
You kill the orc!
Trog accepts your kill. Something hits you.
* * * LOW HITPOINT WARNING * * *
Something hits you!
* * * LOW HITPOINT WARNING * * *
You see here an orc corpse.
Something hits you.
You die...

......((##
#.##..#.#######.......
......).#
#.#...........####.###
........#
#.........?...# #.#
........#
##..%..........# #.#
.^......#
#......$.......# #.# .
..[.....#
##..))†........# .
........# #....>.....#
. ........#
#..........##.
........#
##...@†......)#
#........#####
#..........#
#..........#
#..........#
#......<...#
#..........#
##...........
##.........#


There were no monsters in sight!

Vanquished Creatures
  2 orc priests (D:3)
  4 adders
  2 worms (D:2)
  2 dart slugs
  A leopard gecko (D:1)
  3 orcs (D:3)
  6 bats
  4 giant cockroaches
  3 hobgoblins
  10 jackals (D:1)
  3 kobolds
  5 frilled lizards
  10 goblins
  5 rats
60 creatures vanquished.

Notes
Turn   | Place    | Note
-------+----------+-------------------------------------------
     0 | D:1      | grindst0ne the Minotaur Berserker began the quest for the Orb.
     0 | D:1      | Reached XP level 1. HP: 19/19 MP: 0/0
    26 | D:1      | Reached XP level 2. HP: 27/27 MP: 1/1
   523 | D:1      | Reached ** piety under Trog
   523 | D:1      | Reached XP level 3. HP: 33/33 MP: 2/2
   969 | D:2      | Found a glowing silver altar of Zin.
   973 | D:2      | Found a sparkling altar of Nemelex Xobeh.
  1208 | D:2      | Found a stormy altar of Qazlal.
  1209 | D:2      | Noticed an air elemental
  1211 | D:2      | Noticed an earth elemental
  1211 | D:2      | Noticed a fire elemental
  1211 | D:2      | Noticed a water elemental
  1246 | D:2      | Reached XP level 4. HP: 41/41 MP: 3/3
  1499 | D:2      | Found an ancient bone altar of Kikubaaqudgha.
  1499 | D:2      | Found a radiant altar of Vehumet.
  1560 | D:3      | Found an ancient bone altar of Kikubaaqudgha.
  1725 | D:3      | Reached skill level 5 in Fighting
  1784 | D:3      | Noticed Sigmund
  1791 | D:3      | Reached skill level 5 in Armour
  1791 | D:3      | Reached XP level 5. HP: 48/48 MP: 4/4
  1802 | D:3      | Slain by Sigmund

Vault maps used:
D:1:      ncdulo_wetmaze
D:2:      nicolae_qazlal_style_of_elements, gammafunk_temple_overflow_elements,
          minitemple
D:3:      minmay_misc_feat_more_columns, lemuel_tele_altar, uniq_sigmund

Skill      XL: |  1  2  3  4 |
---------------+-------------+-----
Fighting       | 4 5 |  5.6
Armour         | 3 4 5 |  5.1
Axes           | |  3.6
Dodging        | |  2.1

Action                   |  1- 3 |  4- 6 || total
-------------------------+-------+-------++-------
Melee: Hand axe          |    86 |    22 ||   108
       Headbutt          |    11 |     4 ||    15
       Spear             |       |    14 ||    14
Invok: Berserk           |     2 |     2 ||     4
  Eat: Chunk             |     2 |     4 ||     6
Armor: Animal skin       |     3 |       ||     3
       Ring mail         |    10 |       ||    10
       Leather armour    |     1 |       ||     1
       Scale mail        |    22 |    27 ||    49
Dodge: Dodged            |    47 |    25 ||    72
